 Dungeon Crawl Stone Soup version 0.20-a0-1116-gaa52201 (webtiles) character file.

107 JeffiDaFish the Grave Robber (level 4, 0/30 HPs)
             Began as a Mummy Necromancer on May 8, 2017.
             Slain by a bat (1 damage)
             ... summoned by astralcataclysm's ghost
             ... on level 3 of the Dungeon.
             The game lasted 00:10:53 (2029 turns).

JeffiDaFish the Grave Robber (Mummy Necromancer)    Turns: 2029, Time: 00:10:53

Health: 0/30       AC:  5    Str: 11    XL:     4   Next: 57%
Magic:  10/10      EV: 10    Int: 14    God:
Gold:   106        SH:  0    Dex: 13    Spells: 2/11 levels left

rFire    x . .     SeeInvis .   c - +1 spear
rCold    + . .     Gourm    .   (no shield)
rNeg     + + +     Faith    .   f - +0 ring mail
rPois    ∞         Spirit   .   (no helmet)
rElec    .         Reflect  .   (no cloak)
rCorr    .         Harm     .   (no gloves)
MR       .....                  (no boots)
Stlth    +.........             (no amulet)
Regen    0.1/turn               (no ring)
MPRegen  0.2/turn               (no ring)

@: no status effects
A: no food or potions, fire vulnerability, cold resistance 1, negative energy
resistance 3, torment resistance, unbreathing
a: no special abilities


You were on level 3 of the Dungeon.
You were not hungry.

You visited 1 branch of the dungeon, and saw 3 of its levels.

You collected 106 gold pieces.

Inventory:

Hand Weapons
 c - a +1 spear (weapon)
Armour
 a - a +1 robe
 f - a +0 ring mail (worn)
Jewellery
 e - an uncursed ring of resist corrosion {unknown}
Scrolls
 d - 2 scrolls of identify
Books
 b - a book of Necromancy

   Spells                             Type                      Level
   a - Pain                           Necromancy                   1
   b - Animate Skeleton               Necromancy                   1
   c - Vampiric Draining              Necromancy                   3
   d - Regeneration                   Charms/Necromancy            3
   e - Animate Dead                   Necromancy                   4
   f - Control Undead                 Necromancy                   4


   Skills:
 + Level 0.4 Polearms
 + Level 0.1 Armour
 + Level 1.9 Dodging
 + Level 1.8 Stealth
 + Level 4.0 Spellcasting
 + Level 5.0 Necromancy


You had 2 spell levels left.
You knew the following spells:

 Your Spells              Type           Power        Failure   Level  Hunger
a - Pain                  Necr           ###.         6%          1    N/A
b - Animate Skeleton      Necr           N/A          6%          1    N/A
c - Vampiric Draining     Necr           ###.......   19%         3    N/A
d - Animate Dead          Necr           N/A          52%         4    N/A

Dungeon Overview and Level Annotations

Branches:
Dungeon (3/15)

Altars:
Elyvilon
Okawaru

Annotations:
D:3 astralcataclysm's ghost, amateur OpSu


Innate Abilities, Weirdness & Mutations

You do not eat or drink.
Your flesh is vulnerable to fire.
You are immune to poison.
Your flesh is cold resistant. (rC+)
You are immune to negative energy. (rN+++)
You are immune to unholy pain and torment.
You can survive without breathing.


Message History

* * * LOW HITPOINT WARNING * * *
The bat closely misses your kobold skeleton.
The bat barely misses your orc zombie. The bat hits your orc zombie.
Your orc zombie is destroyed!
The bat hits your kobold skeleton. The river rat bites your orc zombie!
Your orc zombie is destroyed!
The bat barely misses your kobold skeleton.
The bat hits your kobold skeleton.
Your kobold skeleton barely misses the bat.
The river rat barely misses your kobold skeleton.
The bat hits your kobold skeleton.
Your kobold skeleton is destroyed!
The leopard gecko barely misses you. The bat closely misses you.
The bat hits you.
* * * LOW HITPOINT WARNING * * *
The bat barely misses you. x2; The bat closely misses you.
The bat closely misses you.
You see here 3 stones.
The bat hits you.
You die...

#..##......b...#
...###......##g#####
...# #####.##%r....#
..# #. #.W....# .#
#. #......# .# ###
#. #...bl.# .#....
####b### #..... #b#
...... ##@# ......
##(.# ...... #..##
.........# # #.##
.........#.###.####
...).....#.#.!....#
.....!.......##...#
.........##.......#
............###...#


You could see astralcataclysm's ghost, a river rat, a leopard gecko, a hobgoblin
and 3 bats.

Vanquished Creatures
  3 adders
  An ooze (D:3)
  A dart slug (D:1)
  A worm (D:2)
  3 leopard geckos
  4 orcs (D:3)
  2 giant cockroaches (D:2)
  7 goblins
  5 hobgoblins
  6 jackals
  6 kobolds
  A quokka (D:3)
  A ball python (D:2)
  4 bats
  5 frilled lizards
  3 rats
53 creatures vanquished.

Vanquished Creatures (collateral kills)
  An ooze (D:3)
  A worm (D:2)
  A kobold (D:2)
3 creatures vanquished.

Grand Total: 56 creatures vanquished

Notes
Turn   | Place    | Note
-------+----------+-------------------------------------------
     0 | D:1      | JeffiDaFish the Mummy Necromancer began the quest for the Orb.
     0 | D:1      | Reached XP level 1. HP: 13/13 MP: 4/4
    60 | D:1      | Learned a level 1 spell: Animate Skeleton
   380 | D:1      | Reached XP level 2. HP: 19/19 MP: 3/5
   735 | D:1      | You fall through a shaft!
   806 | D:2      | Found a white marble altar of Elyvilon.
   854 | D:2      | Reached XP level 3. HP: 23/24 MP: 4/7
   921 | D:2      | Learned a level 3 spell: Vampiric Draining
  1262 | D:2      | Found an iron altar of Okawaru.
  1436 | D:2      | Reached XP level 4. HP: 28/30 MP: 6/9
  1653 | D:3      | Learned a level 4 spell: Animate Dead
  1824 | D:3      | Reached skill level 5 in Necromancy
  2005 | D:3      | Noticed astralcataclysm's ghost (amateur OpSu)
  2019 | D:3      | HP: 1/30 [bat[astralcataclysm's ghost] (1)]
  2026 | D:3      | HP: 1/30 [bat (1)]
  2029 | D:3      | Slain by a bat

Vault maps used:
D:1:      dpeg_arrival_chambers_temple_mockup
D:2:      elyvilon_altar_5, okawaru_gym_becter

Skill      XL: |  1  2  3  4 |
---------------+-------------+-----
Spellcasting   | 3 4 |  4.0
Necromancy     | 5 |  5.0
Polearms       | |  0.4
Armour         | |  0.1
Dodging        | |  1.9
Stealth        | |  1.8

Action                   |  1- 3 |  4- 6 || total
-------------------------+-------+-------++-------
Melee: Spear             |    72 |    43 ||   115
 Cast: Pain              |    44 |    18 ||    62
       Animate Skeleton  |    18 |     1 ||    19
       Animate Dead      |       |     3 ||     3
       Vampiric Draining |       |     2 ||     2
  Use: Scroll            |     6 |       ||     6
 Stab: Sleeping          |     3 |       ||     3
Armor: Robe              |     9 |       ||     9
       Ring mail         |     9 |    19 ||    28
Dodge: Dodged            |    36 |    37 ||    73
